 Dungeon Crawl Stone Soup version 0.26-a0-572-g753d7e3450 (webtiles) character file.

Game seed: 12123332782001340886

1692 MrRokkomies the Skirmisher (level 8, -1/71 HPs)
             Began as a Demigod Wanderer on Aug 21, 2020.
             Killed from afar by an orc wizard (7 damage)
             ... with a magic dart
             ... on level 7 of the Dungeon.
             The game lasted 00:10:42 (7290 turns).

MrRokkomies the Skirmisher (Demigod Wanderer)       Turns: 7290, Time: 00:10:42

Health: -1/71      AC: 10    Str: 15    XL:     8   Next: 44%
Magic:  10/10      EV: 13    Int: 20    God:
Gold:   264        SH:  3    Dex: 15    Spells: 7/7 levels left

rFire    . . .     SeeInvis .   a - +2 dagger (venom)
rCold    . . .     Faith    .   E - +0 buckler
rNeg     + . .     Spirit   .   e - +0 swamp dragon scales
rPois    +         Reflect  .   j - +0 helmet
rElec    .         Harm     .   r - +0 cloak
rCorr    +                      n - +0 pair of gloves
MR       .....                  (no boots)
Stlth    +.........             (no amulet)
HPRegen  0.21/turn              B - ring of positive energy
MPRegen  0.12/turn              x - ring of resist corrosion

@: no status effects
A: high mp 1
a: no special abilities


You were on level 7 of the Dungeon.
You visited 1 branch of the dungeon, and saw 7 of its levels.

You collected 264 gold pieces.

Inventory:

Hand Weapons
 a - a +2 dagger of venom (weapon)
 b - a +3 dagger of holy wrath
Missiles
 h - 33 poisoned darts (quivered)
 q - 2 javelins
 t - 5 boomerangs
 z - 2 curare-tipped darts
Armour
 e - +0 swamp dragon scales (worn)
 j - a +0 helmet (worn)
 n - a +0 pair of gloves (worn)
 r - a +0 cloak (worn)
 E - a +0 buckler (worn)
Jewellery
 l - an uncursed ring of ice
 m - an uncursed ring of poison resistance
 w - an uncursed ring of wizardry
 x - a ring of resist corrosion (right hand)
 A - an uncursed ring of ice
 B - a ring of positive energy (left hand)
Wands
 C - a wand of flame (10)
 D - a wand of iceblast (8)
Scrolls
 c - a scroll of fog
 g - a scroll of teleportation
 k - a scroll of magic mapping {unknown}
 p - a scroll of enchant weapon
 y - a scroll of fear
Potions
 d - 3 potions of lignification
 f - 3 potions of might
 i - a potion of resistance
 o - 2 potions of berserk rage
 u - 2 potions of stabbing
 v - 3 potions of heal wounds {unknown}
 F - a potion of cancellation {unknown}


   Skills:
 * Level 6.5 Fighting
   Level 2.6 Bows
 + Level 4.8 Throwing
 - Level 1.0 Armour
 * Level 6.3 Dodging
   Level 1.7 Summonings
   Level 1.0 Earth Magic


You had 7 spell levels left.
You didn't know any spells.
Your spell library contained the following spells:

 Spells                   Type           Power        Failure   Level
 Corona                   Hex            #......      54%         1
 Ensorcelled Hibernation  Hex/Ice        #.....       67%         2
 Confusing Touch          Hex            #.......     88%         3
 Dazzling Flash           Conj/Hex       #.....       88%         3
 Tukima's Dance           Hex            #.......     88%         3


Dungeon Overview and Level Annotations

Branches:
Dungeon (7/15)             Temple (0/1) D:7


Innate Abilities, Weirdness & Mutations

You have an increased reservoir of magic. (+10% MP)


Message History

The magic dart hits you.
* * * LOW HITPOINT WARNING * * *
You block the bullfrog's attack.
You hit the bullfrog.
The bullfrog is almost dead.
The bullfrog closely misses you. The orc barely misses you.
You hit the bullfrog.
You kill the bullfrog!
Something hits you.
* * * LOW HITPOINT WARNING * * *
Something freezes you.
* * * LOW HITPOINT WARNING * * *
The orc barely misses you.
You hit something. Something hits you but does no damage.
You hit something. The orc hits you with a +0 scimitar!
* * * LOW HITPOINT WARNING * * *
You hear some strange, mumbled words.
A magic dart appears from out of thin air!
The magic dart hits you!
You die...

###.........####
###..................##
###...#........#.........
#....##.#................
#....#...................
#......#####.#...........
#....### #.............
#....# #####....{).......
#....###.......@†........
#...............o).......
#.....####...............
####### #...............
#......######### #......#
#......# #......#
#......#


You could see an orc.

Vanquished Creatures
  Maggie (D:6)
  An ogre (D:6)
  An orc warrior (D:6)
  2 centaurs
  3 bullfrogs
  A gnoll sergeant (D:6)
  3 scorpions
  A howler monkey (D:5)
  A jelly (D:5)
  A bullfrog zombie (D:7)
  A centaur skeleton (D:5)
  2 bullfrog skeletons
  3 orc priests
  An orc wizard (D:5)
  An iguana (D:6)
  3 worker ants
  A worker ant zombie (D:7)
  4 adders
  6 gnolls
  A howler monkey skeleton (D:4)
  2 white imps (D:6)
  An ufetubus (D:7)
  2 oozes
  3 worms
  4 dart slugs (D:1)
  6 leopard geckos
  12 orcs
  3 ball pythons
  9 bats
  7 giant cockroaches
  4 goblins
  8 hobgoblins
  4 jackals (D:4)
  12 kobolds
  2 quokkas
  3 frilled lizards
  8 rats
  A bush (D:3)
129 creatures vanquished.

Vanquished Creatures (others)
  A bat (D:3)
  A goblin (D:3)
  A plant (D:3)
3 creatures vanquished.

Grand Total: 132 creatures vanquished

Notes
Turn   | Place    | Note
-------+----------+-------------------------------------------
     0 | D:1      | MrRokkomies the Demigod Wanderer began the quest for the
                  | Orb.
     0 | D:1      | MrRokkomies set off with the following items: a +2 dagger,
                  | 2 curare-tipped darts, a +0 ring mail, a potion of
                  | lignification
     0 | D:1      | Reached XP level 1. HP: 16/16 MP: 3/3
   238 | D:1      | Reached XP level 2. HP: 23/23 MP: 4/4
   530 | D:1      | Reached skill level 1 in Dodging
  1045 | D:1      | Reached XP level 3. HP: 22/29 MP: 5/5
  1723 | D:2      | Reached XP level 4. HP: 36/37 MP: 6/6
  2541 | D:3      | Found a faded altar of an unknown god.
  2803 | D:3      | Found a white marble altar of Elyvilon.
  2999 | D:3      | Reached XP level 5. HP: 45/45 MP: 7/7
  3046 | D:3      | Found a shimmering altar of Xom.
  4400 | D:5      | Entered Level 5 of the Dungeon
  4471 | D:5      | Found a shadowy altar of Dithmenos.
  4674 | D:5      | Reached XP level 6. HP: 45/52 MP: 8/8
  5200 | D:5      | Reached XP level 7. HP: 55/60 MP: 9/9
  5635 | D:6      | Reached skill level 5 in Fighting
  5640 | D:6      | Noticed Maggie
  5662 | D:6      | Killed Maggie
  5662 | D:6      | Reached skill level 5 in Dodging
  5845 | D:6      | Reached XP level 8. HP: 28/70 MP: 10/10
  6730 | D:6      | Found a stormy altar of Qazlal.
  6966 | D:7      | Found a staircase to the Ecumenical Temple.
  7290 | D:7      | Killed from afar by an orc wizard

Illustrated notes

Levels and vault maps discovered:
D:1:      ncdulo_smallfort, layout_loops_ring
D:2:      layout_basic
D:3:      layout_loops_ring, nicolae_overflow_crystal_walls,
          chequers_ecumenical_altar_lobes, minmay_hedge_maze, elyvilon_altar_4
D:4:      layout_gridville
D:5:      layout_basic, grunt_dithmenos_smoke_and_mirrors
D:6:      layout_basic, hangedman_decor_clover_reticule, grunt_qazlal_sundering,
          uniq_maggie
D:7:      layout_rooms, minmay_temple_entry_purple_smoke,
          gammafunk_ghost_mausoleum

Skill      XL: |  1  2  3  4  5  6  7  8 |
---------------+-------------------------+-----
Throwing       | 2 3 4 |  4.8
Dodging        | 1 2 3 4 5 6 |  6.3
Fighting       | 2 3 4 5 6 |  6.5
Bows           | |  2.6
Armour         | |  1.0
Summonings     | |  1.7
Earth Magic    | |  1.0

Action                   |  1- 3 |  4- 6 |  7- 9 || total
-------------------------+-------+-------+-------++-------
Melee: Dagger            |   138 |   252 |   190 ||   580
Throw: Dart              |     8 |       |    18 ||    26
       Throwing net      |       |       |     1 ||     1
  Use: Scroll            |     2 |     6 |     3 ||    11
       Potion            |       |       |     4 ||     4
 Stab: Held in net/web   |       |       |     1 ||     1
Armor: Ring mail         |    57 |    87 |    20 ||   164
       Swamp dragon scal |       |       |    59 ||    59
Dodge: Dodged            |    89 |   141 |   144 ||   374
Block: Buckler           |       |       |     9 ||     9

Table legend: (Time is in decaauts)
 A = Elapsed time spent in this place.
 B = Non-inter-level travel time spent in this place.
 C = Inter-level travel time spent in this place.
 D = Time resting spent in this place.
 E = Time spent auto-exploring this place.
 F = Levels seen in this place.
 G = Mean time per level.
                   A        B        C        D        E       F      G
               +--------+--------+--------+--------+--------+-----+--------+
         Total |   7279 |   7073 |    206 |    469 |   5448 |   7 | 1039.9 |
       Dungeon |   7279 |   7073 |    206 |    469 |   5448 |   7 | 1039.9 |
               +--------+--------+--------+--------+--------+-----+--------+

Top non-repeatable levels by time:
     D:6: 1605 daAuts
     D:1: 1542 daAuts
     D:5: 1038 daAuts
     D:2: 975 daAuts
     D:4: 961 daAuts
     D:3: 924 daAuts
     D:7: 230 daAuts
